Map: [ESL] Alcyone

Players

MaNa

  • Race: Protoss Protoss
  • Spawn Location: 1:00

ShoWTimE - Winner!

  • Race: Protoss Protoss
  • Spawn Location: 7:00

Event: ESL SC2 Masters 2024 Spring (Regional)

VOD

Have the link to the VOD?

Description

Time

  • Played on: May 2, 2024, 9:29 a.m.
  • Length: 9:06

All games in this series

Show
View Real Time Build Order
Export as new Build Order

MaNa Protoss 

Build Orders: Phoenix Opening 

Get SALT Encoding   

  12  0:00  Probe  
  13  0:12  Probe  
  14  0:17  Pylon  
  14  0:24  Probe (Chrono Boost)  
  15  0:36  Probe (Chrono Boost)  
  15  0:38  Gateway  
  16  0:45  Probe (Chrono Boost)  
  17  0:50  Assimilator  
  17  0:51  Probe  
  18  1:03  Probe (Chrono Boost)  
  19  1:04  Assimilator  
  20  1:11  Gateway  
  20  1:12  Probe (Chrono Boost)  
  20  1:17  Probe (Chrono Boost)  
  20  1:25  Cybernetics Core  
  21  1:29  Probe  
  22  1:36  Pylon  
  22  1:41  Probe  
  23  2:02  Robotics Facility, Adept  
  23  2:03  Warp Gate  
  25  2:09  Adept  
  27  2:19  Pylon  
  27  2:24  Probe  
  28  2:32  Sentry  
  30  2:43  Probe  
  30  2:46  Immortal (Chrono Boost)  
  34  2:55  Probe  
  35  3:01  Adept  
  35  3:03  Phoenix  
  37  3:07  Probe, Gateway  
  38  3:14  Pylon  
  38  3:19  Probe  
  36  3:31  Warp Prism  
  38  3:35  Probe  
  39  3:53  Sentry  
  39  3:55  Sentry, Probe  
  42  4:01  Stargate  
  44  4:07  Probe  
  45  4:12  Pylon  
  45  4:19  Pylon  
  46  4:27  Adept  
  46  4:30  Adept x2  
  46  4:48  Phoenix  
  46  4:49  Adept  
  46  4:52  Stalker  
  47  4:58  Probe (Chrono Boost)  
  47  5:09  Probe (Chrono Boost)  
  47  5:14  Probe (Chrono Boost)  
  49  5:28  Immortal (Chrono Boost)  
  53  5:30  Probe  
  54  5:43  Probe  
  54  5:45  Pylon  
  55  5:59  Pylon  
  55  6:02  Phoenix  
  55  6:03  Probe  
  56  6:08  Phoenix  
  58  6:15  Probe  
  59  6:27  Nexus  
  59  6:29  Probe  
  60  6:40  Phoenix (Chrono Boost)  
  60  6:41  Probe  
  60  6:45  Phoenix (Chrono Boost)  
  63  6:49  Sentry x3  
  63  6:53  Probe  
  70  7:04  Pylon  
  70  7:05  Probe  
  71  7:23  Probe  
  71  7:24  Pylon  
  72  7:31  Zealot x3  
  70  7:49  Immortal (Chrono Boost)  
  66  7:59  Adept x2  
  66  8:04  Probe  
  67  8:20  Adept x3  
  67  8:25  Shield Battery  
  71  8:35  Probe  
  62  8:46  Adept x3  
Show
View Real Time Build Order
Export as new Build Order

ShoWTimE Protoss - Winner!

Build Orders:  

Get SALT Encoding   

  12  0:00  Probe  
  13  0:12  Probe  
  14  0:17  Pylon  
  14  0:24  Probe (Chrono Boost)  
  15  0:36  Probe (Chrono Boost), Gateway  
  16  0:44  Probe (Chrono Boost)  
  16  0:45  Assimilator  
  17  0:50  Probe  
  18  1:03  Probe (Chrono Boost)  
  19  1:04  Assimilator  
  19  1:10  Gateway  
  19  1:13  Probe (Chrono Boost)  
  19  1:18  Probe (Chrono Boost)  
  20  1:24  Cybernetics Core  
  21  1:29  Probe  
  22  1:34  Pylon  
  22  1:41  Probe  
  23  1:53  Probe  
  24  2:00  Adept x2  
  24  2:01  Warp Gate  
  28  2:05  Probe  
  29  2:10  Pylon  
  29  2:19  Robotics Facility  
  29  2:30  Stalker  
  29  2:33  Stalker  
  33  2:47  Probe  
  34  2:54  Pylon  
  34  3:03  Sentry  
  38  3:08  Warp Prism (Chrono Boost)  
  38  3:10  Shield Battery  
  38  3:13  Probe  
  38  3:16  Sentry  
  41  3:26  Probe  
  40  3:31  Shield Battery  
  38  3:35  Gateway  
  38  3:38  Immortal (Chrono Boost)  
  42  3:49  Pylon  
  42  4:04  Adept x2  
  46  4:11  Immortal (Chrono Boost)  
  50  4:21  Pylon  
  50  4:33  Adept x2  
  54  4:46  Gateway  
  52  4:58  Twilight Council  
  52  5:03  Stalker x2  
  56  5:10  Probe  
  57  5:25  Pylon, Observer  
  57  5:30  Blink (Chrono Boost)  
  57  5:43  Stalker x2  
  57  5:46  Phoenix, Stalker  
  63  5:55  Pylon  
  63  6:10  Nexus  
  63  6:15  Pylon  
  63  6:16  Probe  
  64  6:23  Stalker  
  66  6:28  Probe  
  67  6:34  Shield Battery  
  67  6:40  Probe  
  67  6:42  Stalker  
  67  6:45  Sentry  
  72  6:48  Phoenix  
  72  6:52  Probe  
  73  7:01  Immortal  
  73  7:06  Probe  
  78  7:15  Stalker  
  80  7:21  Probe  
  81  7:29  Stalker  
  83  7:30  Probe  
  76  7:49  Stalker x2  
  78  7:57  Probe x2  
  76  8:09  Probe  
  76  8:11  Stalker  
  75  8:13  Stalker  
  77  8:22  Stalker  
  71  8:35  Probe  
  64  8:42  Stalker x2  
  64  8:47  Stalker  
  64  9:00  Gateway  
  64  9:02  Gateway  
Tags
 
Add a new tag
Caveats
  • Supply blocks, unpowered buildings, or Contaminate may cause inaccurate times.
  • Supply counts are checked every 10 seconds.